 Dungeon Crawl Stone Soup version 0.27.0-65-ge2af304b15 (webtiles) character file.

Game seed: 12226463681887313016

37 Malachi the Chiller (level 3, -2/26 HPs)
             Began as a Ghoul Ice Elementalist on Aug 19, 2021.
             Splashed by a jelly's acid (6 damage)
             ... on level 2 of the Dungeon.
             The game lasted 00:01:28 (1583 turns).

Malachi the Chiller (Ghoul Ice Elementalist)        Turns: 1583, Time: 00:01:28

Health: -2/26      AC: -6    Str: 11    XL:     3   Next: 41%
Magic:  1/5        EV: 12    Int: 11    God:
Gold:   81         SH:  0    Dex:  9    Spells: 2/6 levels left

rFire    . . .     SeeInvis .   b - +0 dagger (drain)
rCold    + + .     Faith    .   (no shield)
rNeg     + + +     Spirit   .   a - +0 robe
rPois    ∞         Reflect  .   (no helmet)
rElec    .         Harm     .   (no cloak)
rCorr    .         Rampage  .   (no gloves)
Will     .....                  (no boots)
Stlth    ++........             (no amulet)
HPRegen  0.00/turn              e - ring of protection from cold
MPRegen  0.09/turn              (no ring)

@: corroded, inhibited regen
A: claws 1, cold resistance 1, negative energy resistance 3, inhibited
regeneration, torment resistance 2
a: no special abilities


You were on level 2 of the Dungeon.
You visited 1 branch of the dungeon, and saw 2 of its levels.

You collected 81 gold pieces.

Inventory:

Hand Weapons
 b - a +0 dagger of draining (weapon)
Armour
 a - a +0 robe (worn)
Jewellery
 e - a ring of protection from cold (left claw)
Scrolls
 c - a scroll of amnesia {unknown}
 f - a scroll of noise {unknown}
 g - a scroll of magic mapping {unknown}
Potions
 d - a potion of degeneration {unknown}


   Skills:
 + Level 1.9 Dodging
 + Level 2.2 Stealth
 + Level 2.0 Spellcasting
 * Level 5.3 Ice Magic


You had 2 spell levels left.
You knew the following spells:

 Your Spells              Type           Power      Damage    Failure   Level
a - Freeze                Ice            48%        1d7       3%          1
b - Frozen Ramparts       Ice            24%        1d4       10%         3

Your spell library contained the following spells:

 Spells                   Type           Power      Damage    Failure   Level
 Ozocubu's Armour         Ice            12%        N/A       10%         3
 Hailstorm                Conj/Ice       7%         3d4       67%         4


Dungeon Overview and Level Annotations

Branches:
Dungeon (2/15)

Altars:


Innate Abilities, Weirdness & Mutations

You thrive by killing the living.
You are immune to poison.
You have sharp fingernails.
Your flesh is cold resistant. (rC+)
You are immune to negative energy. (rN+++)
You do not regenerate when monsters are visible.
You are immune to unholy pain and torment.


Message History

A jelly comes into view.
A jelly is nearby!
A jelly is nearby!
The jelly quivers.
Casting: Freeze (safe; 3% risk of failure)
Confirm with . or Enter, or press ? or * to list all spells.
Aiming: Freeze (safe; 3% risk of failure)
Press: ? - help, Shift-Dir - straight line, f - jelly
Aim: a jelly You freeze the jelly.
The jelly is lightly wounded.
The jelly hits you. The acid corrodes you!
You are splashed with acid!
Casting: Freeze (safe; 3% risk of failure)
Confirm with . or Enter, or press ? or * to list all spells.
Aiming: Freeze (safe; 3% risk of failure)
Press: ? - help, Shift-Dir - straight line, f/p - jelly
Aim: a jelly (lightly wounded)
You freeze the jelly!
The jelly is heavily wounded.
The jelly closely misses you.
Casting: Freeze (safe; 3% risk of failure)
Confirm with . or Enter, or press ? or * to list all spells.
Aiming: Freeze (safe; 3% risk of failure)
Press: ? - help, Shift-Dir - straight line, f/p - jelly
Aim: a jelly (heavily wounded)
You freeze the jelly.
The jelly is severely wounded.
The jelly hits you.
You are splashed with acid!
* * * LOW HITPOINT WARNING * * *
Casting: Freeze (safe; 3% risk of failure)
Confirm with . or Enter, or press ? or * to list all spells.
Aiming: Freeze (safe; 3% risk of failure)
Press: ? - help, Shift-Dir - straight line, f/p - jelly
Aim: a jelly (severely wounded)
You freeze the jelly.
The jelly is severely wounded.
The jelly hits you.
* * * LOW HITPOINT WARNING * * *
The acid corrodes you!
You are splashed with acid.
You die...

#. #.#
#.## +.
#. #.# #.
# #. #.#
#.## # #.
.# #.#
#.(. # #.
.## #.#
#### # #.
... #.. #
#.###.#
#.# #
###.J...#
# #
#...@.# #
# #.....+
#.####
#.....#
#.....
#####.#
######
#####.#
...#
#.....#
.#####.#
#.#####
........
#.#
.#####.#
#.#
>.......


You could see a jelly.

Vanquished Creatures
  A hound skeleton (D:2)
  A worm (D:2)
  A dart slug (D:1)
  4 endoplasms
  A giant cockroach (D:2)
  2 goblins (D:1)
  A quokka (D:1)
  A ball python (D:1)
  A bat (D:2)
  3 frilled lizards
  3 kobolds
  A rat (D:1)
20 creatures vanquished.

Notes
Turn   | Place    | Note
-------+----------+-------------------------------------------
     0 | D:1      | Malachi the Ghoul Ice Elementalist began the quest for the
                  | Orb.
     0 | D:1      | Reached XP level 1. HP: 14/14 MP: 2/2
   125 | D:1      | Reached XP level 2. HP: 20/20 MP: 0/3
   723 | D:2      | Reached skill level 5 in Ice Magic
   723 | D:2      | Reached XP level 3. HP: 5/26 MP: 2/4
   985 | D:2      | Learned a level 3 spell: Frozen Ramparts
  1583 | D:2      | Splashed by a jelly's acid

Illustrated notes

Levels and vault maps discovered:
D:1:      dpeg_arrival_rooms_a, layout_rooms
D:2:      layout_basic

Skill      XL: |  1  2  3 |
---------------+----------+-----
Ice Magic      | 5 |  5.3
Spellcasting   | 2 |  2.0
Dodging        | |  1.9
Stealth        | |  2.2

Action                   || total
-------------------------++-------
Melee: Dagger            ||    29
 Cast: Freeze            ||    33
Armor: Robe              ||    11
Dodge: Dodged            ||    24
